 Dungeon Crawl Stone Soup version 0.26-a0-64-g059e62fbdb (webtiles) character file.

Game seed: 16957645016639479307

205 Flubber the Cudgeler (level 5, 0/47 HPs)
             Began as a Minotaur Fighter on June 10, 2020.
             Killed by nerve-wracking pain
             ... invoked by an orc priest
              (12 damage)
             ... on level 3 of the Dungeon.
             The game lasted 00:05:28 (2004 turns).

Flubber the Cudgeler (Minotaur Fighter)             Turns: 2004, Time: 00:05:28

Health: 0/47       AC:  8    Str: 21    XL:     5   Next: 53%
Magic:  4/4        EV:  9    Int:  5    God:
Gold:   111        SH:  9    Dex: 10    Spells: 4/4 levels left

rFire    . . .     SeeInvis +   u - +1 mace
rCold    . . .     Gourm    .   c - +0 kite shield
rNeg     . . .     Faith    .   o - +2 leather armour {MR+}
rPois    .         Spirit   .   (helmet restricted)
rElec    .         Reflect  .   (no cloak)
rCorr    .         Harm     .   (no gloves)
MR       +....                  l - +2 pair of boots
Stlth    +.........             (no amulet)
HPRegen  0.15/turn              s - ring of see invisible
MPRegen  0.09/turn              m - ring of wizardry

@: mighty
A: retaliatory headbutt, horns 2
a: no special abilities


You were on level 3 of the Dungeon.
You were hungry.

You visited 1 branch of the dungeon, and saw 3 of its levels.

You collected 111 gold pieces.

Inventory:

Hand Weapons
 a - a +0 flail
 i - a +0 war axe
 u - a +1 mace (weapon)
Missiles
 e - 18 bolts
 j - 2 throwing nets (quivered)
 n - 5 javelins
Armour
 b - a +0 scale mail
 c - a +0 kite shield (worn)
 l - a +2 pair of boots (worn)
 o - a +2 leather armour of magic resistance (worn)
 t - a +2 chain mail of poison resistance
 x - a cursed +0 leather armour
Jewellery
 m - a ring of wizardry (right hand)
 s - a ring of see invisible (left hand)
Scrolls
 h - 2 scrolls of remove curse
 q - a scroll of enchant armour
Potions
 g - a potion of invisibility {unknown}
 k - a potion of brilliance {unknown}
 r - a potion of flight {unknown}
 v - a potion of magic {unknown}
Comestibles
 f - 3 rations
 p - 6 chunks of flesh


   Skills:
 + Level 4.7 Fighting
 * Level 4.8 Maces & Flails
 + Level 4.6 Armour
 + Level 4.6 Shields


You had 4 spell levels left.
You didn't know any spells.
Your spell library was empty.

Dungeon Overview and Level Annotations

Branches:
Dungeon (3/15)

Altars:
Qazlal


Innate Abilities, Weirdness & Mutations

You reflexively headbutt those who attack you in melee.
You have a pair of horns on your head.


Message History

You thump the orc priest!
You kill the orc priest!
The orc wizard hits you but does no damage.
You barely miss the orc wizard. You block the orc wizard's attack.
The orc priest calls down the wrath of Beogh upon you.
Beogh smites you!
* * * LOW HITPOINT WARNING * * *
The orc wizard hits you but does no damage.
You feel very mighty all of a sudden. You block the orc wizard's attack.
You sock the orc wizard!
The orc wizard is severely wounded.
The orc wizard completely misses you. You furiously retaliate!
You headbutt the orc wizard, but do no damage.
The orc wizard closely misses you. You furiously retaliate!
You headbutt the orc wizard!
You kill the orc wizard!
The orc priest invokes the aid of Beogh against you.
Pain shoots through your body!
You die...

. #.#'#.#
#.#.#
#.#.#.###.#.#
#.#.#.....#.#
#.#.#######.#
#.# #.# #.#
#.# #.# #.#
#.# #.# #
#@##.#.#.#
#o.)......
####.#.### #


You could see an orc priest.

Vanquished Creatures
  An orc priest (D:3)
  Jessica (D:2)
  2 orc wizards (D:3)
  Terence (D:2)
  2 adders (D:2)
  2 leopard geckos
  5 orcs (D:3)
  A giant cockroach (D:2)
  4 goblins
  4 hobgoblins
  4 jackals (D:3)
  6 bats
  2 frilled lizards
  4 kobolds
  9 rats
48 creatures vanquished.

Notes
Turn   | Place    | Note
-------+----------+-------------------------------------------
     0 | D:1      | Flubber the Minotaur Fighter began the quest for the Orb.
     0 | D:1      | Reached XP level 1. HP: 19/19 MP: 0/0
   308 | D:1      | Reached XP level 2. HP: 27/27 MP: 1/1
   864 | D:2      | Reached XP level 3. HP: 33/33 MP: 2/2
   932 | D:2      | Noticed Jessica
   935 | D:2      | Killed Jessica
  1069 | D:2      | Found a stormy altar of Qazlal.
  1138 | D:2      | Reached XP level 4. HP: 35/40 MP: 3/3
  1226 | D:2      | Noticed Terence
  1233 | D:2      | Killed Terence
  1769 | D:3      | Found a faded altar of an unknown god.
  1863 | D:3      | Reached XP level 5. HP: 37/47 MP: 4/4
  2004 | D:3      | Killed from afar by an orc priest

Illustrated notes

Levels and vault maps discovered:
D:1:      ebering_trefoil_3fold, layout_basic
D:2:      layout_basic, lemuel_doored_altar, uniq_jessica, uniq_terence
D:3:      layout_basic, chequers_ecumenical_altar_simple_redux,
          minmay_misc_feat_rows

Skill      XL: |  1  2  3  4 |
---------------+-------------+-----
Maces & Flails | 3 4 |  4.8
Fighting       | 4 |  4.7
Armour         | 4 |  4.6
Shields        | 4 |  4.6

Action                   |  1- 3 |  4- 6 || total
-------------------------+-------+-------++-------
Melee: Flail             |    54 |    16 ||    70
       Headbutt          |     5 |     7 ||    12
       Mace              |       |    35 ||    35
  Use: Scroll            |     2 |     4 ||     6
       Potion            |       |     1 ||     1
  Eat: Chunk             |     1 |     2 ||     3
Armor: Scale mail        |    15 |       ||    15
       Leather armour    |     7 |    22 ||    29
Dodge: Dodged            |    15 |    21 ||    36
Block: Kite shield       |    24 |    33 ||    57

Table legend:
 A = Non-vault XP
 B = Vault XP
 C = Vault XP percentage of total XP
 D = Non-vault monster count
 E = Vault monster count
 F = Vault count percentage of total count
                 A         B        C        D         E       F
            +---------+---------+-------+---------+---------+-------
      Total |     221 |      73 |  24.8 |      46 |       2 |   4.2
            +---------+---------+-------+---------+---------+-------
        D:1 |      23 |       0 |   0.0 |      15 |       0 |   0.0
        D:2 |      43 |      73 |  62.9 |      13 |       2 |  13.3
        D:3 |     155 |       0 |   0.0 |      18 |       0 |   0.0
            +---------+---------+-------+---------+---------+-------
